 Dungeon Crawl Stone Soup version 0.18-a0-1551-g40744a8 (console) character file.

99 Liam the Conjurer (level 4, -3/24 HPs)
             Began as a Deep Elf Conjurer on Mar 11, 2016.
             Slain by a river rat (5 damage)
             ... on level 3 of the Dungeon.
             The game lasted 00:04:44 (2198 turns).

Liam the Conjurer (Deep Elf Conjurer)               Turns: 2198, Time: 00:04:44

Health: -3/24      AC:  4    Str:  5    XL:     4   Next: 45%
Magic:  4/13       EV: 13    Int: 21    God:
Gold:   99         SH:  0    Dex: 15    Spells: 1 memorised, 12 levels left

rFire  . . .     SeeInvis .     (no weapon)
rCold  . . .     Gourm    .     a - +0 robe
rNeg   . . .     Faith    .     (no shield)
rPois  .         Spirit   .     j - +0 helmet
rElec  .         Dismiss  .     (no cloak)
rCorr  .         Reflect  .     (no gloves)
SustAt .         Harm     .     i - +0 pair of boots
MR     .....                    (no amulet)
Stlth  +.........               (no ring)
                                (no ring)

@: not resistant to hostile enchantments, very unstealthy
A: no striking features
a: no special abilities


You were on level 3 of the Dungeon.
You were not hungry.

You visited 1 branch of the dungeon, and saw 3 of its levels.

You collected 99 gold pieces.

Inventory:

Armour
 a - a +0 robe (worn)
 i - a +0 pair of boots (worn)
 j - a +0 helmet (worn)
Jewellery
 q - an uncursed ring of fire {unknown}
Scrolls
 k - 7 scrolls of identify
 r - a scroll of enchant weapon {unknown}
Potions
 d - a potion of magic
 f - a potion of ambrosia {unknown}
 g - a potion of flight {unknown}
 h - 2 potions of curing {unknown}
 o - a potion of mutation {unknown}
 p - a potion of might {unknown}
Books
 b - a book of Conjurations

   Spells                             Type                      Level
   a - Magic Dart                     Conjuration                  1
   b - Searing Ray                    Conjuration                  2
   c - Dazzling Spray                 Conjuration/Hexes            3
   d - Fulminant Prism                Conjuration/Hexes            4
   e - Iskenderun's Mystic Blast      Conjuration                  4
   f - Iskenderun's Battlesphere      Conjuration/Charms           5
Comestibles
 c - 2 bread rations


   Skills:
 - Level 2.4 Dodging
 - Level 2.4 Stealth
 + Level 5.1 Spellcasting
 + Level 5.4 Conjurations


You had 12 spell levels left.
You knew the following spells:

 Your Spells              Type           Power        Failure   Level  Hunger
a - Magic Dart            Conj           ####         1%          1    None


Dungeon Overview and Level Annotations

Branches:
Dungeon (3/15)

Altars:
Ashenzari
Okawaru
Ru
Yredelemnul


Message History

a giant cockroach corpse x2
A river rat comes into view.
Your unstable footing causes you to fumble your attack.
The river rat closely misses you.
Casting: Magic Dart
Confirm with . or Enter, or press ? or * to list all spells.
Aiming: Magic Dart
Press: ? - help, Shift-Dir - straight line, f - river rat
Aim: a river rat The magic dart hits the river rat.
The river rat bites you!
* * * LOW HITPOINT WARNING * * *
Casting: Magic Dart
Confirm with . or Enter, or press ? or * to list all spells.
Aiming: Magic Dart
Press: ? - help, Shift-Dir - straight line, f/p - river rat
Aim: a river rat The magic dart hits the river rat.
The river rat is severely wounded.
The river rat bites you.
You die...

,,,,,,,,****,****###.,,*,,* #
******+** *,,,,,....,,***#######
*,* *******#...,,,,.......
*,***********#...###########
*,**,,,,,,,,,#..............
*,**,,,,##########..########
*,*,,,,##...≈≈≈≈≈#..# # ****
*,*,,,,#≈########...# # ,,,*
*,*,,,,#≈##@≈≈†≈##### **# ,,,*
*,*,,,,#≈#r#####≈# *,# ,,,*
*,*,,,,#.#≈*∩≈*#≈#********,# ,,,*
*,*,,,,#≈#≈***,#.#*,,,,,,,,* ,,,*
*,**,,,#≈#≈≈≈≈*#≈#,,>,,,,,,*
,,,***,,<,,,#≈#######≈#,,,,,,,,,,
,,,,,,,*,*,,##≈≈≈≈≈..##**********
,,,,,,,,,,,,,#########* *,,,,,,,,
,,,,,,,,,,***,*,* *,*,* *,,,,,,,,


You could see a river rat.

Vanquished Creatures
  4 adders
  A worm (D:2)
  2 dart slugs (D:1)
  5 giant geckos
  5 giant cockroaches
  4 goblins
  7 hobgoblins
  6 kobolds
  A ball python (D:2)
  7 bats
  A giant newt (D:1)
  8 rats
51 creatures vanquished.

Notes
Turn   | Place    | Note
--------------------------------------------------------------
     0 | D:1      | Liam the Deep Elf Conjurer began the quest for the Orb.
     0 | D:1      | Reached XP level 1. HP: 10/10 MP: 6/6
   430 | D:1      | Reached XP level 2. HP: 15/15 MP: 5/8
  1228 | D:1      | Reached XP level 3. HP: 19/19 MP: 4/10
  1332 | D:2      | Reached skill level 5 in Conjurations
  1449 | D:2      | Found a shattered altar of Ashenzari.
  1483 | D:2      | Found a basalt altar of Yredelemnul.
  1727 | D:2      | Found a sacrificial altar of Ru.
  1779 | D:2      | Reached XP level 4. HP: 24/24 MP: 5/12
  1852 | D:2      | Found an iron altar of Okawaru.
  2138 | D:3      | Reached skill level 5 in Spellcasting
  2198 | D:3      | Slain by a river rat

Vault maps used:
D:1:      evilmike_arrival_hilbert_curve, minmay_misc_feat_doors
D:2:      overflow_temple_1_default, nicolae_overflow_hidden_temple,
          yredelemnul_altar_generic, nicolae_ru_path_of_blood
D:3:      kennysheep_goblin_castle, gup_sewer_entry_spiral

Skill      XL: |  1  2  3  4 |
---------------+-------------+-----
Spellcasting   | 4 5 |  5.1
Conjurations   | 5 |  5.4
Dodging        | |  2.4
Stealth        | |  2.4

Action                   |  1- 3 |  4- 6 || total
-------------------------+-------+-------++-------
Melee: Unarmed           |       |     1 ||     1
 Cast: Magic Dart        |    80 |    31 ||   111
  Use: Scroll            |       |     5 ||     5
  Eat: Chunk             |     2 |     2 ||     4
